 Dungeon Crawl Stone Soup version 0.24.0-123-gd5b16e6ec5 (webtiles) character file.

Game seed: 12172869611129841368, levelgen mode: deterministic

3241 MagicFarmer the Cleaver (level 9, -1/79 (80) HPs)
             Began as a Hill Orc Fighter on Dec 29, 2019.
             Was an Elder of Okawaru.
             Killed by divine providence
             ... invoked by an orc priest
              (13 damage)
             ... on level 7 of the Dungeon on Dec 30, 2019.
             The game lasted 00:52:56 (7591 turns).

MagicFarmer the Cleaver (Hill Orc Fighter)          Turns: 7591, Time: 00:52:56

HP:   -1/79 (80)    AC: 19    Str: 22    XL:     9   Next: 99%
MP:   13/13         EV:  5    Int:  8    God:    Okawaru [****..]
Gold: 317           SH: 18    Dex: 13    Spells: 8/8 levels left

rFire    + . .     SeeInvis .   a - +2 war axe
rCold    . . .     Gourm    .   c - +1 shield
rNeg     . . .     Faith    .   B - +2 plate armour
rPois    .         Spirit   .   H - +0 helmet
rElec    .         Reflect  +   u - +0 cloak
rCorr    .         Harm     .   z - +0 pair of gloves
MR       .....                  (no boots)
Stlth    ..........             l - +6 amulet of reflection
HPRegen  0.00/turn              s - ring of protection from fire
MPRegen  0.13/turn              p - +3 ring of dexterity

@: non-regenerating, diseased
A: no striking features
a: Heroism, Renounce Religion, Convert to Beogh


You were on level 7 of the Dungeon.
You worshipped Okawaru.
Okawaru was greatly pleased with you.
You were hungry.

You visited 1 branch of the dungeon, and saw 7 of its levels.

You collected 317 gold pieces.

Inventory:

Hand Weapons
 a - a +2 war axe (weapon)
 k - a +0 flail
 r - a +0 mace
Missiles
 b - 19 poisoned darts
 g - 6 boomerangs (quivered)
 i - 218 stones
Armour
 c - a +1 shield (worn)
 u - a +0 cloak (worn)
 z - a +0 pair of gloves (worn)
 B - a +2 plate armour (worn)
 H - a +0 helmet (worn)
Jewellery
 l - a +6 amulet of reflection (around neck)
 p - a +3 ring of dexterity (right hand)
 s - a ring of protection from fire (left hand)
 F - an uncursed ring of flight
Wands
 d - a wand of acid (1)
 m - a wand of flame (9)
Scrolls
 e - a scroll of amnesia
 x - 2 scrolls of fear
Potions
 j - a potion of flight
 n - a potion of heal wounds
 o - 2 potions of lignification
 t - 4 potions of curing
 v - 2 potions of brilliance
 A - a potion of cancellation
 C - 2 potions of magic {unknown}
 D - a potion of haste {unknown}
 E - 2 potions of degeneration {unknown}
Comestibles
 f - 14 rations


   Skills:
 + Level 7.6 Fighting
 * Level 10.8 Axes
 + Level 7.1 Armour
 + Level 6.9 Shields
 + Level 6.2 Invocations


You had 8 spell levels left.
You didn't know any spells.
Your spell library contained the following spells:

 Spells                   Type           Power        Failure   Level  Hunger
 Animate Skeleton         Necr           N/A          100%        1    ##.....
 Apportation              Tloc           #.....       100%        1    ##.....
 Confusing Touch          Hex            #.....       100%        1    ##.....
 Summon Small Mammal      Summ           #...         100%        1    ##.....


Dungeon Overview and Level Annotations

Branches:
Dungeon (7/15)             Temple (0/1) D:6

Altars:
Cheibriados
Dithmenos
Gozag
Okawaru
Qazlal
Sif Muna
Uskayaw
Vehumet
Wu Jian
Zin
The Shining One

Annotations:
D:4 3 runed translucent doors, bl4d3's ghost, amateur GrFi


Message History

Reactivating autopickup.
The orc wizard points at you and mumbles some strange words.
The magic dart hits you!
* * * LOW HITPOINT WARNING * * *
The orc wizard gestures wildly while chanting.
The orc wizard flickers and vanishes!
Deactivating autopickup; reactivate with Ctrl-A.
An orc priest comes into view. It is wielding a +0 hand axe.
The orc priest shouts!
The orc priest shouts, "Beogh is our master!
Accept the truth or die!"
You hear some strange, mumbled words.
Something tries to affect you, but you resist.
The orc priest looks braver for a moment.
The orc priest moves out of view.
You bump into the rock wall.
You feel less confused. Something hits you but does no damage.
The orc priest invokes the aid of Beogh against you.
Beogh smites you!
You die...

#......F....#
#oo...Z....#
#oo........#
#######.##'#######
#<...##{##.#
####.##O##.#
#.##o##.#
#.##{##.#
#.##@##.#
#..#.##.#
#.##.##.# #.....#
#######


You could see an ogre, 3 orc priests and 2 orcs.

Vanquished Creatures
  A hippogriff (D:7)
  A water moccasin (D:5)
  Duvessa (D:4)
  2 sky beasts
  3 orc warriors
  2 necrophages
  6 ogres
  A phantom (D:5)
  A centaur (D:3)
  A bullfrog (D:7)
  Dowan (D:4)
  A water moccasin skeleton (D:5)
  A howler monkey (D:5)
  2 crimson imps (D:5)
  4 hounds
  A bullfrog zombie (D:7)
  A quasit (D:7)
  7 orc wizards
  2 orc priests (D:4)
  Crazy Yiuf (D:4)
  2 centaur skeletons
  A bullfrog skeleton (D:5)
  An iguana (D:4)
  Ijyb (D:3)
  6 worker ants
  A worker ant zombie (D:5)
  8 gnolls
  8 adders
  A shadow imp (D:6)
  An ooze (D:5)
  2 adder zombies (D:5)
  7 worms
  A dart slug (D:2)
  4 leopard geckos
  32 orcs
  3 ball pythons
  5 giant cockroaches
  5 goblins
  4 hobgoblins
  12 jackals
  9 kobolds
  8 quokkas
  6 bats
  2 frilled lizards
  A giant cockroach zombie (D:5)
  A jackal skeleton (D:6)
  A jackal zombie (D:7)
  A leopard gecko skeleton (D:6)
  A leopard gecko zombie (D:5)
  A quokka skeleton (D:6)
  6 rats
  A bush (D:1)
183 creatures vanquished.

Vanquished Creatures (others)
  2 centaurs
  A plant (D:1)
3 creatures vanquished.

Grand Total: 186 creatures vanquished

Notes
Turn   | Place    | Note
-------+----------+-------------------------------------------
     0 | D:1      | MagicFarmer the Hill Orc Fighter began the quest for the
                  | Orb.
     0 | D:1      | Reached XP level 1. HP: 19/19 MP: 1/1
   179 | D:1      | Reached skill level 3 in Axes
   223 | D:1      | Reached XP level 2. HP: 27/27 MP: 2/2
   713 | D:1      | Reached XP level 3. HP: 28/33 MP: 3/3
  1418 | D:2      | Found a snail-covered altar of Cheibriados.
  1489 | D:2      | Reached skill level 4 in Axes
  1577 | D:2      | Found an iron altar of Okawaru.
  1592 | D:2      | Became a worshipper of Warmaster Okawaru
  1727 | D:2      | Reached XP level 4. HP: 33/40 MP: 4/4
  1875 | D:3      | Noticed Ijyb
  2029 | D:3      | Killed Ijyb
  2090 | D:3      | Noticed a centaur
  2105 | D:3      | Killed a centaur
  2105 | D:3      | Reached skill level 5 in Axes
  2105 | D:3      | Reached XP level 5. HP: 31/47 MP: 5/5
  2276 | D:3      | Reached XP level 6. HP: 53/53 MP: 6/6
  2357 | D:3      | Reached * piety under Okawaru
  2652 | D:3      | Reached skill level 5 in Fighting
  2764 | D:3      | Reached skill level 6 in Axes
  2973 | D:4      | Noticed Dowan
  2986 | D:4      | Noticed Duvessa
  3086 | D:4      | Noticed a sky beast
  3106 | D:4      | Killed a sky beast
  3106 | D:4      | Reached skill level 1 in Invocations
  3106 | D:4      | Reached XP level 7. HP: 28/61 MP: 6/8
  3490 | D:4      | Killed Duvessa
  3490 | D:4      | Reached skill level 7 in Axes
  3490 | D:4      | Reached skill level 5 in Armour
  3491 | D:4      | Killed Dowan
  3491 | D:4      | Reached skill level 5 in Shields
  3495 | D:4      | Reached ** piety under Okawaru
  3506 | D:4      | Reached XP level 8. HP: 29/70 MP: 10/10
  4137 | D:4      | Found a runed translucent gate.
  4138 | D:4      | Found a runed translucent gate.
  4139 | D:4      | Found a runed translucent gate.
  4141 | D:4      | Noticed bl4d3's ghost (amateur GrFi)
  4209 | D:4      | Found a glowing golden altar of the Shining One.
  4212 | D:4      | Found a radiant altar of Vehumet.
  4219 | D:4      | Found a hide-covered altar of Uskayaw.
  4220 | D:4      | Found a glowing silver altar of Zin.
  4220 | D:4      | Found an iron altar of Okawaru.
  4222 | D:4      | Found an opulent altar of Gozag.
  4323 | D:4      | Found a shadowy altar of Dithmenos.
  4323 | D:4      | Found a stormy altar of Qazlal.
  4434 | D:4      | Reached skill level 8 in Axes
  4517 | D:4      | Found a runed translucent door.
  4518 | D:4      | Noticed Crazy Yiuf
  4601 | D:4      | Killed Crazy Yiuf
  4634 | D:5      | Entered Level 5 of the Dungeon
  5041 | D:5      | Reached *** piety under Okawaru
  5055 | D:5      | Reached skill level 9 in Axes
  5103 | D:5      | Reached XP level 9. HP: 59/78 MP: 12/12
  5472 | D:5      | Found an ornate altar of the Wu Jian Council.
  5988 | D:5      | Reached skill level 5 in Invocations
  6431 | D:6      | Found a staircase to the Ecumenical Temple.
  6934 | D:6      | Reached skill level 10 in Axes
  6982 | D:6      | Found a shimmering blue altar of Sif Muna.
  7552 | D:7      | Reached **** piety under Okawaru
  7591 | D:7      | Killed from afar by an orc priest

Levels and vault maps discovered:
D:1:      minmay_arrival_stair_chambers, layout_basic, minmay_misc_feat_room,
          lexackson_kobold_supper
D:2:      layout_loops_ring, lemuel_round_altar, first_ration, hex_tiny,
          okawaru_gym_becter
D:3:      layout_basic, kennysheep_generic_room_4, uniq_ijyb
D:4:      layout_cave_pools, minitemple, gammafunk_temple_overflow_wave,
          ebering_ghost_rock_garden, uniq_crazy_yiuf_cottage, uniq_duvessa
D:5:      wad_river_or_something, layout_basic, lemuel_doored_altar,
          chequers_serial_rivers_small_3, nrook_mini_backslash,
          grunt_decor_one_mirror
D:6:      layout_gridville, marbit_many_paths, minmay_temple_entry_junction
D:7:      cheibrodos_fzero, layout_basic, grunt_ogre_cave

Skill      XL: |  1  2  3  4  5  6  7  8  9 |
---------------+----------------------------+-----
Axes           | 3 4 5 6 7 9 10 | 10.8
Fighting       | 4 5 6 7 |  7.6
Armour         | 4 5 6 7 |  7.1
Shields        | 4 5 6 |  6.9
Invocations    | 1 2 4 6 |  6.2

Action                   |  1- 3 |  4- 6 |  7- 9 || total
-------------------------+-------+-------+-------++-------
Melee: War axe           |   137 |   173 |   401 ||   711
Throw: Boomerang         |     1 |     6 |    43 ||    50
       Dart              |       |       |     2 ||     2
Invok: Heroism           |       |       |     2 ||     2
Evoke: Wand              |       |     2 |     1 ||     3
  Use: Scroll            |     4 |     2 |    14 ||    20
       Potion            |       |     1 |     1 ||     2
  Eat: Chunk             |     3 |     4 |    15 ||    22
Armor: Scale mail        |    32 |       |       ||    32
       Chain mail        |     6 |    64 |    74 ||   144
       Plate armour      |       |       |    24 ||    24
Dodge: Dodged            |    28 |    33 |    47 ||   108
Block: Shield            |    50 |   203 |   304 ||   557
       Reflection        |       |     4 |    12 ||    16
